 Dungeon Crawl Stone Soup version 0.18.1-50-g88ac8fd (webtiles) character file.

715 wolfsongas the Shield-Bearer (level 7, -3/60 HPs)
             Began as a Minotaur Fighter on May 2, 2017.
             Was an Initiate of Gozag.
             Slain by a centaur (8 damage)
             ... on level 5 of the Dungeon.
             The game lasted 00:25:47 (4747 turns).

wolfsongas the Shield-Bearer (Minotaur Fighter)     Turns: 4747, Time: 00:25:47

Health: -3/60      AC:  9    Str: 23    XL:     7   Next: 41%
Magic:  6/6        EV: 10    Int:  5    God:    Gozag
Gold:   546        SH: 10    Dex:  9    Spells: 0 memorised, 6 levels left

rFire  . . .     SeeInvis .     a - +2 long sword
rCold  . . .     Gourm    .     m - +3 ring mail
rNeg   . . .     Faith    .     c - +0 shield
rPois  .         Spirit   .     (helmet restricted)
rElec  .         Dismiss  .     (no cloak)
rCorr  .         Reflect  .     (no gloves)
SustAt .         Harm     .     (no boots)
MR     .....                    (no amulet)
Stlth  +.........               (no ring)
                                (no ring)

@: gold aura, not resistant to hostile enchantments, very unstealthy
A: retaliatory headbutt, horns 2
a: Potion Petition, Call Merchant, Bribe Branch, Renounce Religion


You were on level 5 of the Dungeon.
You worshipped Gozag.
Gozag was noncommittal.
You were not hungry.

You visited 2 branches of the dungeon, and saw 6 of its levels.
You also visited: Sewer.

You collected 569 gold pieces.
You paid 23 gold pieces to Gozag.

Inventory:

Hand Weapons
 a - a +2 long sword (weapon)
 e - a +2 whip of freezing
 l - a +0 club
 r - a +0 blowgun
 s - a +0 whip
Armour
 b - a +0 scale mail
 c - a +0 shield (worn)
 m - a +3 ring mail (worn)
Scrolls
 h - a scroll of magic mapping
 n - a scroll of noise
 t - a scroll of teleportation
 u - a scroll of recharging {unknown}
Potions
 d - a potion of mutation {unknown}
 i - a potion of heal wounds {unknown}
 k - a potion of magic {unknown}
 o - a potion of cancellation {unknown}
 q - 2 potions of brilliance {unknown}
Books
 p - a Necronomicon

   Spells                             Type                      Level
   a - Haunt                          Necromancy/Summoning         7
   b - Borgnjor's Revivification      Necromancy                   8
   c - Death's Door                   Charms/Necromancy            8
   d - Necromutation                  Transmutation/Necromancy     8
Comestibles
 f - a bread ration
 g - 2 meat rations


   Skills:
 + Level 4.8 Fighting
 + Level 5.0 Long Blades
 + Level 5.2 Armour
 + Level 4.1 Dodging
 + Level 0.8 Stealth
 + Level 6.2 Shields


You had 6 spell levels left.
You didn't know any spells.

Dungeon Overview and Level Annotations

Branches:
Dungeon (5/15)             Temple (1/1) D:5

Altars:
Ashenzari
Cheibriados
Dithmenos
Elyvilon
Fedhas
Gozag
Kikubaaqudgha
Makhleb
Nemelex Xobeh
Okawaru
Pakellas
Qazlal
Ru
Sif Muna
Trog
Vehumet
Xom
Zin
The Shining One


Innate Abilities, Weirdness & Mutations

You reflexively headbutt those who attack you in melee.
You have a pair of horns on your head.


Message History

Drink which item? (? for menu, Esc to quit)
You feel better. The centaur hits you.
* * * LOW HITPOINT WARNING * * *
Menkaure calls on the powers of darkness!
Your body is wracked with pain!
* * * LOW HITPOINT WARNING * * *
The centaur convulses!
You block the centaur's attack.
You hit Menkaure.
You destroy Menkaure!
Your Long Blades skill increases to level 5!
Your Dodging skill increases to level 4!
You block the centaur's attack. The centaur hits you.
* * * LOW HITPOINT WARNING * * *
The centaur barely misses you.
You see here 9 gold pieces.
You hit the centaur. Your headbutt misses the centaur.
The centaur is almost dead.
The centaur hits you!
You die...
Your body crumbles into a pile of gold.

#.. ###.# ###
######.... ..#
#..?.#.#.# #.#
#....#.#.# #.#
#....#.#.# #.#
#####..c.#.#.#######.#
.......@.............#
..###....#.#.######..#.
#....#.#.# #..#.#
#....#.#.# #..#..
#....#.#.# ##.###
######.#.## #...#
........###...#
...............
.....###.#.#


You could see a centaur.

Vanquished Creatures
  Menkaure (D:5)
  An ogre (D:4)
  2 scorpions (D:4)
  A howler monkey (D:4)
  A crimson imp (D:5)
  A hound (D:4)
  A centaur skeleton (D:4)
  An iguana (D:5)
  12 adders
  3 gnolls (D:2)
  A shadow imp (D:5)
  A worm (D:2)
  2 dart slugs (D:2)
  5 giant geckos
  5 orcs
  7 ball pythons
  12 giant cockroaches
  7 goblins
  6 hobgoblins
  9 jackals
  10 kobolds
  3 quokkas
  4 bats
  3 giant newts
  6 rats
  5 plants (Sewer)
110 creatures vanquished.

Notes
Turn   | Place    | Note
--------------------------------------------------------------
     0 | D:1      | wolfsongas the Minotaur Fighter began the quest for the Orb.
     0 | D:1      | Reached XP level 1. HP: 19/19 MP: 0/0
   119 | D:1      | Reached skill level 4 in Shields
   145 | D:1      | Reached XP level 2. HP: 27/27 MP: 1/1
   818 | D:2      | Reached XP level 3. HP: 33/33 MP: 2/2
   898 | D:2      | Reached skill level 1 in Dodging
  1159 | D:2      | Reached XP level 4. HP: 40/40 MP: 3/3
  1397 | D:2      | Found a glowing golden altar of the Shining One.
  1397 | D:2      | Found a snail-covered altar of Cheibriados.
  1397 | D:2      | Found an iron altar of Okawaru.
  1397 | D:2      | Found an opulent altar of Gozag.
  1422 | D:2      | Found a burning altar of Makhleb.
  1428 | D:2      | Became a worshipper of Gozag Ym Sagoz the Greedy
  1434 | D:2      | Found a deep blue altar of Sif Muna.
  1471 | D:2      | You fall through a shaft for 2 floors!
  2351 | D:3      | Found a sparkling altar of Nemelex Xobeh.
  2391 | D:3      | Reached XP level 5. HP: 39/46 MP: 4/4
  2530 | D:3      | Reached skill level 5 in Shields
  3160 | D:4      | Reached XP level 6. HP: 50/53 MP: 5/5
  3165 | D:4      | Reached skill level 5 in Armour
  3633 | D:5      | Entered Level 5 of the Dungeon
  3694 | D:5      | Found a glowing drain.
  3725 | Sewer    | Entered a sewer
  3973 | Sewer    | Reached XP level 7. HP: 55/60 MP: 6/6
  4463 | D:5      | Reached skill level 6 in Shields
  4520 | D:5      | Found a staircase to the Ecumenical Temple.
  4545 | Temple   | Entered the Ecumenical Temple
  4731 | D:5      | Noticed Menkaure
  4745 | D:5      | Killed Menkaure
  4745 | D:5      | Reached skill level 5 in Long Blades
  4747 | D:5      | Slain by a centaur

Skill      XL: |  1  2  3  4  5  6  7 |
---------------+----------------------+-----
Shields        | 4 5 6 |  6.2
Armour         | 4 5 |  5.2
Fighting       | 4 |  4.8
Dodging        | 1 2 3 4 |  4.1
Long Blades    | 3 4 5 |  5.0
Stealth        | |  0.8

Action                   |  1- 3 |  4- 6 |  7- 9 || total
-------------------------+-------+-------+-------++-------
Melee: Long sword        |    72 |   242 |    46 ||   360
       Headbutt          |     7 |    44 |     7 ||    58
Invok: Potion Petition   |       |     1 |       ||     1
  Use: Scroll            |     2 |     5 |     1 ||     8
       Potion            |       |     1 |     3 ||     4
  Eat: Chunk             |     1 |       |       ||     1
       Bread ration      |       |     3 |       ||     3
Armor: Scale mail        |    51 |       |       ||    51
       Ring mail         |     3 |    69 |    12 ||    84
Dodge: Dodged            |    33 |    90 |    20 ||   143
Block: Shield            |    49 |   128 |    29 ||   206
